 Dungeon Crawl Stone Soup version 0.19.5 (webtiles) character file.

354 Azzok the Fighter (level 6, -3/62 HPs)
             Began as a Minotaur Fighter on Aug 1, 2017.
             Killed from afar by epen's ghost (28 damage)
             ... with a bolt of negative energy
             ... on level 4 of the Dungeon.
             The game lasted 00:05:22 (2151 turns).

Azzok the Fighter (Minotaur Fighter)                Turns: 2151, Time: 00:05:23

Health: -3/62      AC:  8    Str: 20    XL:     6   Next: 35%
Magic:  5/5        EV:  5    Int:  5    God:
Gold:   8          SH:  8    Dex: 12    Spells: 0 memorised, 5 levels left

rFire  . . .     SeeInvis .     g - +0 hand axe (elec)
rCold  . . .     Gourm    .     i - +0 chain mail
rNeg   . . .     Faith    .     c - +0 shield
rPois  .         Spirit   .     (helmet restricted)
rElec  .         Reflect  .     (no cloak)
rCorr  .         Harm     .     (no gloves)
MR     .....                    (no boots)
Stlth  ..........               (no amulet)
                                (no ring)
                                e - +1 ring of evasion

@: heavily drained
A: retaliatory headbutt, horns 2
a: no special abilities


You were on level 4 of the Dungeon.
You were hungry.

You visited 1 branch of the dungeon, and saw 4 of its levels.

You collected 192 gold pieces.
You spent 184 gold pieces at shops.

Inventory:

Hand Weapons
 a - a +0 long sword
 g - a +0 hand axe of electrocution (weapon)
Missiles
 v - 34 arrows
Armour
 c - a +0 shield (worn)
 i - a +0 chain mail (worn)
Jewellery
 e - a +1 ring of evasion (left hand)
Wands
 t - a wand of lightning (11/15)
Scrolls
 d - a scroll of teleportation {unknown}
 h - 3 scrolls of remove curse {unknown}
 j - 3 scrolls of identify {unknown}
 k - a scroll of fear {unknown}
 l - 3 scrolls of enchant weapon {unknown}
 o - 2 scrolls of enchant armour {unknown}
 q - a scroll of blinking {unknown}
 x - a scroll of random uselessness {unknown}
 y - a scroll of amnesia {unknown}
Potions
 b - a potion of haste {unknown}
 r - a potion of flight {unknown}
 s - 2 potions of curing
 u - 2 potions of lignification
Comestibles
 f - 3 bread rations {@e1}
 m - 2 meat rations {@e2}
 n - a beef jerky
 p - a slice of pizza
 w - 10 chunks of flesh {@w0}


   Skills:
 * Level 8.7(6.9) Fighting
 - Level 2.4(0.9) Long Blades
 - Level 3.6(2.0) Armour
 - Level 3.6(2.0) Shields


You had 5 spell levels left.
You didn't know any spells.

Dungeon Overview and Level Annotations

Branches:
Dungeon (4/15)
 Temple: D:4-7

Altars:
Dithmenos
Gozag
Nemelex Xobeh
Ru
Vehumet
Xom

Shops:
D:4 !!*(

Annotations:
D:4 epen's ghost, novice DrMo


Innate Abilities, Weirdness & Mutations

You reflexively headbutt those who attack you in melee.
You have a pair of horns on your head.


Message History

You closely miss epen's ghost.
Epen's ghost is lightly damaged.
You block epen's ghost's attack.
You closely miss epen's ghost. Your headbutt misses epen's ghost.
Epen's ghost is lightly damaged.
You block epen's ghost's attack. x2
You hit epen's ghost.
There is a sudden explosion of sparks!
Your headbutt misses epen's ghost.
Epen's ghost is heavily damaged.
Epen's ghost hits you.
You take 3 damage, and have 24/62 hp.
You hit epen's ghost. You headbutt epen's ghost.
Epen's ghost is heavily damaged.
You block epen's ghost's attack.
Epen's ghost hits you but does no damage.
You closely miss epen's ghost.
Epen's ghost is heavily damaged.
Epen's ghost breathes negative energy at you.
The bolt of negative energy hits you!
You feel drained.
You die...

▒·····▒▒▒ ···▒▒·······▒
▒·····▒ ············ ▒····▒▒
▒▒▒▒▒·········
▒··8·▒▒▒▒▒▒▒▒·········▒··▒
▒▒·····················▒··▒▒
▒·8·∩·8·▒▒▒▒▒··········▒····
▒·····▒▒▒ ▒···············▒▒
▒▒··8·▒▒▒▒▒···$·▒··▒·▒▒▒▒···
▒·······▒▒@····▒··▒·▒▒▒▒▒▒▒
▒▒····▒▒··W········<···▒
▒···············▒▒▒▒····▒
▒··························
▒·········▒·····▒▒▒▒▒▒·▒▒▒▒
▒·∩·······▒▒▒▒▒·▒ ···▒▒▒
▒▒▒▒·▒·▒▒·▒ ·▒ ▒▒···▒
▒········▒ · ·▒ ▒▒·▒
▒·······▒▒ ··· ▒··


You could see epen's ghost.

Vanquished Creatures
  A water moccasin zombie (D:3)
  A quasit (D:3)
  3 orc priests
  2 orc wizards (D:4)
  3 adders
  2 oozes
  2 worms
  2 leopard geckos
  8 orcs
  4 giant cockroaches
  6 goblins
  7 hobgoblins
  18 jackals
  13 bats
  4 frilled lizards
  3 kobolds
  3 rats
82 creatures vanquished.

Notes
Turn   | Place    | Note
-------+----------+-------------------------------------------
     0 | D:1      | Azzok the Minotaur Fighter began the quest for the Orb.
     0 | D:1      | Reached XP level 1. HP: 19/19 MP: 0/0
   107 | D:1      | Reached skill level 4 in Fighting
   204 | D:1      | Reached XP level 2. HP: 27/28 MP: 1/1
   592 | D:2      | Reached skill level 5 in Fighting
   652 | D:2      | Reached XP level 3. HP: 36/36 MP: 2/2
   804 | D:2      | Found a shimmering altar of Xom.
  1079 | D:3      | Reached skill level 6 in Fighting
  1079 | D:3      | Reached XP level 4. HP: 44/44 MP: 3/3
  1187 | D:3      | Found a faded altar of an unknown god.
  1187 | D:3      | Found a sparkling altar of Nemelex Xobeh.
  1207 | D:3      | Found a sacrificial altar of Ru.
  1209 | D:3      | Found a radiant altar of Vehumet.
  1211 | D:3      | Found a shadowy altar of Dithmenos.
  1292 | D:3      | Reached skill level 7 in Fighting
  1292 | D:3      | Reached XP level 5. HP: 28/52 MP: 4/4
  1662 | D:4      | Found Jacan's Weapon Shop.
  1691 | D:4      | Reached skill level 8 in Fighting
  1691 | D:4      | Reached XP level 6. HP: 12/61 MP: 5/5
  1984 | D:4      | Bought a +0 hand axe of electrocution for 95 gold pieces
  1989 | D:4      | Found Gozag's Platinum Reserve.
  1989 | D:4      | Found an opulent altar of Gozag.
  2087 | D:4      | Found Naucsept's Distillery.
  2092 | D:4      | Bought a potion of curing for 39 gold pieces
  2092 | D:4      | Bought a potion of lignification for 39 gold pieces
  2092 | D:4      | Found Diellol's Distillery.
  2101 | D:4      | Bought a potion of degeneration for 11 gold pieces
  2137 | D:4      | Noticed epen's ghost (novice DrMo)
  2151 | D:4      | Killed from afar by epen's ghost

Skill      XL: |  1  2  3  4  5 |
---------------+----------------+-----
Fighting       | 4 5 6 7 8 |  8.7
Long Blades    | |  2.4
Armour         | |  3.6
Shields        | |  3.6

Action                   |  1- 3 |  4- 6 || total
-------------------------+-------+-------++-------
Melee: Long sword        |   108 |    78 ||   186
       Headbutt          |    19 |    18 ||    37
       Hand axe          |       |    34 ||    34
  Use: Potion            |       |     1 ||     1
  Eat: Chunk             |     1 |     3 ||     4
Armor: Scale mail        |    19 |       ||    19
       Chain mail        |    73 |   111 ||   184
Dodge: Dodged            |    32 |    42 ||    74
Block: Shield            |    63 |    75 ||   138
       Rpst.: Long sword |     9 |     7 ||    16
